 Dungeon Crawl Stone Soup version 0.30-b1-2-g02819fbbbe (webtiles) character file.

Game seed: 14917855198899555156

4826 LLlMATKO the Cleaver (level 10, 0/90 HPs)
             Began as a Minotaur Berserker on June 5, 2023.
             Was an Elder of Trog.
             Succumbed to a killer bee's poison
             ... on level 7 of the Dungeon.
             The game lasted 00:07:13 (9134 turns).

LLlMATKO the Cleaver (Minotaur Berserker)           Turns: 9134, Time: 00:07:14

Health: 0/90       AC: 12    Str: 24    XL:     10   Next: 25%
Magic:  9/9        EV: 11    Int:  4    God:    Trog [****..]
Gold:   483        SH:  6    Dex: 12    Spells: 9/9 levels left

rFire   + . .        q - +0 war axe
rCold   . . .        i - +0 buckler
rNeg    . . .        r - +0 chain mail
rPois   .            (helmet restricted)
rElec   .            f - scarf {shadows}
rCorr   .            l - +0 pair of gloves
SInv    .            (no boots)
Will    +++..        (no amulet) Stlth
                     E - ring of protection from fire
HPRegen 1.35/turn    H - ring of willpower
MPRegen 0.11/turn

%: no passive effects
@: lethally poisoned (0 -> -1), strong-willed, on berserk cooldown,
regenerating, slowed, very slow
A: horns 2, retaliatory headbutt
a: Renounce Religion, Berserk, Trog's Hand, Brothers in Arms


You were on level 7 of the Dungeon.
You worshipped Trog.
Trog was greatly pleased with you.
You visited 1 branch of the dungeon, and saw 8 of its levels.

You collected 483 gold pieces.

Inventory:

Hand Weapons
 q - a +0 war axe (weapon)
Missiles
 x - 14 poisoned darts (quivered)
 F - a throwing net
Armour
 f - a scarf of shadows (worn)
 i - a +0 buckler (worn)
 l - a +0 pair of gloves (worn)
 r - a +0 chain mail (worn)
Jewellery
 E - a ring of protection from fire (left hand)
 H - a ring of willpower (right hand)
Wands
 s - a wand of roots (26)
 t - a wand of polymorph (7)
 w - a wand of flame (44)
 D - a wand of quicksilver (8)
Scrolls
 a - 2 scrolls of fog {unknown}
 b - 2 scrolls of butterflies {unknown}
 c - 2 scrolls of magic mapping {unknown}
 d - a scroll of enchant armour {unknown}
 j - 9 scrolls of identify {unknown}
 n - 2 scrolls of vulnerability {unknown}
 p - a scroll of amnesia {unknown}
 u - 2 scrolls of teleportation {unknown}
 v - 3 scrolls of blinking {unknown}
 y - a scroll of immolation {unknown}
 B - a scroll of noise {unknown}
Potions
 e - 4 potions of haste {unknown}
 g - a potion of berserk rage {unknown}
 h - 2 potions of might {unknown}
 k - 8 potions of heal wounds {unknown}
 m - a potion of attraction {unknown}
 o - 2 potions of curing {unknown}
 z - 2 potions of magic {unknown}
 A - a potion of flight {unknown}
 C - a potion of degeneration {unknown}
 G - a potion of mutation {unknown}


   Skills:
 + Level 8.9 Fighting
 + Level 9.0 Axes
 + Level 8.5 Armour
 + Level 7.8 Dodging
 + Level 7.8 Shields


You had 9 spell levels left.
You didn't know any spells.
Your spell library was empty.

Dungeon Overview and Level Annotations

Branches:
Dungeon (8/15)             Temple (0/1) D:5
   Lair: D:8-11

Altars:
Cheibriados
Dithmenos
Fedhas
Gozag
Hepliaklqana
Makhleb
Okawaru
Ru
Xom


Innate Abilities, Weirdness & Mutations

You have a pair of horns on your head.
You reflexively headbutt those who attack you in melee.


Message History

Unknown command.
The killer bee barely misses you. You block the killer bee's attack. x2
The killer bee closely misses you. You furiously retaliate!
You headbutt the killer bee!
You kill the killer bee!
Trog accepts your kill. The killer bee barely misses you.
The killer bee closely misses you. x2
You furiously retaliate!
You headbutt the killer bee, but do no damage.
The killer bee stings you.
* * * LOW HITPOINT WARNING * * *
You are poisoned.
The killer bee poisons you!
The killer bee stings you but does no damage.
Your Axes skill increases to level 9!
You climb upwards.
You feel very sick.
There is a stone staircase leading down here.
Unknown command.
You feel sick. The killer bee stings you.
* * * LOW HITPOINT WARNING * * *
You are more poisoned.
The killer bee poisons you! The killer bee misses you.
The killer bee stings you.
* * * LOW HITPOINT WARNING * * *
You block the killer bee's attack. x3
Your skin crawls.
You feel strong-willed.
You feel very sick. You block the killer bee's attack.
The killer bee misses you. You furiously retaliate!
You headbutt the killer bee. The killer bee stings you.
* * * LOW HITPOINT WARNING * * *
You block the killer bee's attack. The killer bee completely misses you.
The killer bee stings you.
* * * LOW HITPOINT WARNING * * *
You hit the killer bee but do no damage.
The killer bee is lightly wounded.
You hit the killer bee.
You die...

#................#######..
##.#.....#.......#...≈)≈).
###.....##......#.8.≈≈≈..
##....##......#8_8..)..
#......##..[.#.8.≈≈≈..
##.....##..[>#...≈)≈..
##.....####.[.#######>.
##..............####....
#..#...@y...##).........
#######.#...y>...##..........
##...##.....#.....##.........^
#.......##.##.................
##......#...#.....#...........
##.........#.....##..##......
##........#.................
##................#.......#
###...#..........#...##...


You could see 2 killer bees.

Vanquished Creatures
  A boulder beetle (D:7)
  Pikel (D:5)
  Grinder (D:5)
  Prince Ribbit (D:5)
  4 yaks (D:8)
  Eustachio (D:6)
  Duvessa (D:6)
  A water moccasin (D:7)
  An orc warrior (D:7)
  An ice beast (D:4)
  4 sky beasts
  A black bear (D:7)
  An ogre (D:6)
  A lemure (D:5)
  3 bullfrogs
  A gnoll sergeant (D:8)
  Dowan (D:6)
  6 wights
  A killer bee (D:8)
  A howler monkey (D:5)
  2 hounds
  3 orc priests
  A gnoll bouda (D:5)
  2 jellies
  A sleepcap (D:6)
  Crazy Yiuf (D:6)
  3 iguanas
  Natasha (thrice) (D:2)
  Ijyb (D:3)
  12 orc wizards
  11 gnolls
  3 adders
  4 shadow imps
  5 worms
  5 dart slugs
  30 orcs
  3 endoplasms
  4 giant cockroaches
  5 hobgoblins
  8 jackals
  4 quokkas
  7 ball pythons
  8 bats
  A frilled lizard (D:1)
  6 goblins
  3 kobolds
  6 rats
175 creatures vanquished.

Notes
Turn   | Place    | Note
-------+----------+-------------------------------------------
     0 | D:1      | LLlMATKO the Minotaur Berserker began the quest for the
                  | Orb.
     0 | D:1      | Reached XP level 1. HP: 19/19 MP: 0/0
   279 | D:1      | Reached XP level 2. HP: 27/27 MP: 1/1
   437 | D:1      | Reached skill level 4 in Axes
   529 | D:1      | Reached XP level 3. HP: 33/33 MP: 2/2
   529 | D:1      | Reached ** piety under Trog
   885 | D:2      | Reached skill level 1 in Shields
   885 | D:2      | Reached XP level 4. HP: 40/40 MP: 3/3
   888 | D:2      | Identified the +0 robe of a treasure trove {rElec MP+9
                  | Str-3 Int+8}
   933 | D:2      | Found a faded altar of an unknown god.
  1105 | D:2      | Noticed Natasha
  1116 | D:2      | Killed Natasha
  1465 | D:2      | Noticed Natasha
  1471 | D:2      | Killed Natasha
  1472 | D:2      | Reached XP level 5. HP: 37/47 MP: 4/4
  1549 | D:2      | Found a faded altar of an unknown god.
  1842 | D:2      | Noticed Natasha
  1851 | D:2      | Killed Natasha
  2213 | D:2      | Found a faded altar of an unknown god.
  2370 | D:3      | Found a shimmering altar of Xom.
  2659 | D:3      | Found a blossoming altar of Fedhas.
  2701 | D:3      | Reached *** piety under Trog
  2860 | D:3      | Found a snail-covered altar of Cheibriados.
  2863 | D:3      | Found a burning altar of Makhleb.
  2870 | D:3      | Found a hazy altar of Hepliaklqana.
  2877 | D:3      | Found an opulent altar of Gozag.
  2882 | D:3      | Found a sacrificial altar of Ru.
  3003 | D:3      | Noticed Ijyb
  3007 | D:3      | Killed Ijyb
  3145 | D:3      | Found a shimmering altar of Xom.
  3263 | D:3      | Found a blossoming altar of Fedhas.
  3631 | D:3      | Found a snail-covered altar of Cheibriados.
  3637 | D:3      | Found a burning altar of Makhleb.
  3641 | D:3      | Found a hazy altar of Hepliaklqana.
  3643 | D:3      | Found an opulent altar of Gozag.
  3648 | D:3      | Found a sacrificial altar of Ru.
  3826 | D:4      | You fall into a shaft and drop 3 floors!
  3852 | D:7      | Reached XP level 6. HP: 40/55 MP: 5/5
  3868 | D:7      | Reached skill level 5 in Axes
  3977 | D:7      | Noticed a boulder beetle
  3999 | D:7      | Killed a boulder beetle
  4000 | D:7      | Reached skill level 5 in Fighting
  4000 | D:7      | Reached skill level 6 in Axes
  4000 | D:7      | Reached skill level 5 in Armour
  4000 | D:7      | Reached XP level 7. HP: 62/62 MP: 6/6
  4051 | D:6      | Noticed Eustachio
  4108 | D:5      | Entered Level 5 of the Dungeon
  4136 | D:5      | Noticed Prince Ribbit
  4208 | D:5      | Noticed Pikel
  4217 | D:5      | Killed Pikel
  4218 | D:5      | Reached skill level 5 in Dodging
  4218 | D:5      | Reached skill level 5 in Shields
  4218 | D:5      | Reached XP level 8. HP: 71/71 MP: 7/7
  4274 | D:5      | Killed Prince Ribbit
  4386 | D:5      | Noticed Grinder
  4404 | D:5      | Killed Grinder
  4405 | D:5      | Reached skill level 7 in Axes
  4448 | D:5      | Found a staircase to the Ecumenical Temple.
  4972 | D:4      | Reached XP level 9. HP: 79/79 MP: 8/8
  6519 | D:6      | Killed Eustachio
  6760 | D:6      | Found a shadowy altar of Dithmenos.
  6767 | D:6      | Reached **** piety under Trog
  6805 | D:6      | Noticed Duvessa
  6806 | D:6      | Noticed Dowan
  6814 | D:6      | Killed Duvessa
  6817 | D:6      | Killed Dowan
  7051 | D:6      | Reached skill level 8 in Axes
  7564 | D:6      | Found a runed translucent door.
  7565 | D:6      | Noticed Crazy Yiuf
  7572 | D:6      | Killed Crazy Yiuf
  7802 | D:6      | Found a shadowy altar of Dithmenos.
  8718 | D:7      | Found an iron altar of Okawaru.
  9043 | D:7      | Reached XP level 10. HP: 85/90 MP: 9/9
  9131 | D:8      | Reached skill level 9 in Axes
  9133 | D:7      | HP: 1/90 [killer bee (5)]
  9134 | D:7      | Succumbed to a killer bee's poison

Illustrated notes

Levels and vault maps discovered:
D:1:      minmay_arrival_wavy_path, layout_loops_ring
D:2:      cheibrodos_old_hovel, layout_basic, basic_ecumenical_altar,
          uniq_natasha
D:3:      layout_basic, lemuel_tele_altar, mainiacjoe_overflow_six_doors_small,
          nicolae_overflow_hallway_of_the_gods, minmay_misc_feat_x,
          minmay_misc_feat_iff, uniq_ijyb
D:4:      layout_basic, minivault_5, grunt_ministairs_10
D:5:      layout_basic, minmay_temple_entry_crystal_x,
          amcnicky_mini_rare_corridor_liquid, uniq_prince_ribbit1, uniq_grinder,
          uniq_pikel
D:6:      layout_basic, nicolae_dithmenos_the_darkroom, minivault_19,
          nicolae_concentric_dashed_squares_wild, st_stairs_3, uniq_duvessa,
          uniq_crazy_yiuf_cottage, uniq_eustachio
D:7:      layout_cave_pools, kennysheep_okawaru_gauntlet
D:8:      layout_rooms, minmay_bent

Skill      XL: |  1  2  3  4  5  6  7  8  9 10 |
---------------+-------------------------------+-----
Axes           | 4 6 7 8 9 |  9.0
Fighting       | 4 5 6 7 8 |  8.9
Armour         | 3 4 5 6 8 |  8.5
Dodging        | 3 4 5 6 7 |  7.8
Shields        | 1 2 4 5 7 |  7.8

Action                     |  1- 3 |  4- 6 |  7- 9 | 10-12 || total
---------------------------+-------+-------+-------+-------++-------
  Melee: Hand axe          |    61 |    67 |       |       ||   128
         Headbutt          |     6 |    12 |    51 |     5 ||    74
         War axe           |       |    43 |   257 |    26 ||   326
         Trident           |       |       |     4 |       ||     4
  Throw: Throwing net      |       |     1 |       |       ||     1
 Invoke: Berserk           |       |     1 |    13 |     1 ||    15
         Trog's Hand       |       |       |     1 |     1 ||     2
 Armour: Ring mail         |    24 |     4 |       |       ||    28
         Scale mail        |       |    19 |       |       ||    19
         Chain mail        |       |    27 |   115 |    10 ||   152
  Dodge: Dodged            |    42 |    39 |   108 |    28 ||   217
  Block: Buckler           |     1 |    15 |    49 |    17 ||    82
